 Dungeon Crawl Stone Soup version 0.21.1-1-g345015f (webtiles) character file.

16917 sking99 the Geomancer (level 12, -5/76 HPs)
             Began as a Gargoyle Earth Elementalist on July 2, 2018.
             Was a High Priest of Sif Muna.
             Slain by a salamander
             ... wielding a +3 glaive
              (17 damage)
             ... in a volcano.
             The game lasted 00:47:10 (13139 turns).

sking99 the Geomancer (GrEE)                       Turns: 13139, Time: 00:47:11

Health: -5/76      AC: 25    Str: 12    XL:     12   Next: 42%
Magic:  3/25       EV: 17    Int: 23    God:    Sif Muna [*****.]
Gold:   606        SH:  0    Dex: 15    Spells: 14/29 levels left

rFire    + + .     SeeInvis .   J - +1 whip (elec)
rCold    x . .     Gourm    .   (no shield)
rNeg     + . .     Faith    +   x - +1 fire dragon scales (curse)
rPois    ∞         Spirit   .   M - +2 hat
rElec    +         Reflect  .   (no cloak)
rCorr    .         Harm     .   v - +0 pair of gloves
MR       .....                  l - +0 pair of boots
Stlth    +.........             j - amulet of faith
HPRegen  0.22/turn              A - ring of wizardry
MPRegen  0.19/turn              t - +2 ring of intelligence

@: agile, divine energy
A: negative energy resistance 1, electricity resistance, unbreathing,
petrification resistance, rot immunity, AC +8
a: Stop Divine Energy, Channel Magic, Forget Spell, Renounce Religion


You were in a volcano.
You worshipped Sif Muna.
Sif Muna was extremely pleased with you.
You were hungry.

You visited 2 branches of the dungeon, and saw 11 of its levels.
You also visited: Volcano.

You collected 606 gold pieces.

Inventory:

Hand Weapons
 g - a +2 dagger of venom
 D - a +0 quarterstaff
 J - a +1 whip of electrocution (weapon)
Missiles
 b - 236 stones (quivered)
Armour
 l - a +0 pair of boots (worn)
 v - a +0 pair of gloves (worn)
 x - cursed +1 fire dragon scales (worn)
 M - a +2 hat (worn)
Magical Staves
 L - an uncursed staff of air
Jewellery
 j - an amulet of faith (around neck)
 s - an uncursed ring of flight
 t - a +2 ring of intelligence (right hand)
 y - an uncursed amulet of the gourmand
 A - a ring of wizardry (left hand)
 C - an uncursed ring of ice
Wands
 m - a wand of polymorph (7)
 z - a wand of iceblast (7)
 E - a wand of digging (6)
Scrolls
 h - a scroll of enchant weapon
 i - 2 scrolls of identify
 n - 5 scrolls of teleportation
 o - a scroll of silence {unknown}
 r - a scroll of fog
 B - 3 scrolls of remove curse
 F - a scroll of blinking
 K - 2 scrolls of random uselessness {unknown}
 N - a scroll of amnesia {unknown}
Potions
 a - a potion of lignification
 c - a potion of magic {unknown}
 f - 4 potions of agility
 k - 3 potions of curing
 p - 2 potions of berserk rage {unknown}
 q - a potion of haste
 u - 2 potions of might {unknown}
 G - 3 potions of resistance {unknown}
 H - a potion of invisibility {unknown}
 I - a potion of ambrosia {unknown}
Books
 e - a book of Geomancy

   Spells                             Type                      Level
   a - Sandblast                      Earth                        1
   b - Passwall                       Transmutation/Earth          2
   c - Stone Arrow                    Conjuration/Earth            3
   d - Petrify                        Transmutation/Earth          4
   e - Lee's Rapid Deconstruction     Earth                        5
Comestibles
 d - 15 rations


   Skills:
 - Level 9.5 Fighting
 - Level 8.4 Armour
 + Level 6.8 Dodging
 - Level 2.1 Stealth
 - Level 9.0 Spellcasting
 - Level 3.1 Conjurations
 - Level 3.1 Transmutations
 - Level 12.0 Earth Magic


You had 14 spell levels left.
You knew the following spells:

 Your Spells              Type           Power        Failure   Level  Hunger
a - Sandblast             Erth           ######       1%          1    None
b - Stone Arrow           Conj/Erth      #####.       1%          3    None
c - Lee's Rapid Deconstr  Erth           ######....   2%          5    ####...
d - Passwall              Tmut/Erth      #####.....   1%          2    None
e - Petrify               Tmut/Erth      #####...     6%          4    ##.....


Dungeon Overview and Level Annotations

Branches:
Dungeon (10/15)            Temple (0/1) D:5            Lair (1/6) D:8
    Orc (0/2) D:10

Altars:
Elyvilon
Hepliaklqana
Nemelex Xobeh
Ru
Sif Muna
Xom
Yredelemnul

Shops:
D:4 %   D:5 :   D:10 %

Annotations:
D:8 Erica


Innate Abilities, Weirdness & Mutations

You are resistant to torment.
Your stone body is resilient. (AC +8)
You are immune to poison.
You resist negative energy. (rN+)
You are resistant to electric shocks. (rElec)
You can survive without breathing.
You are immune to petrification.
You are immune to rotting.


Message History

The salamander shoots an arrow.
The arrow hits you but does no damage.
There is a rocky tunnel leading out of this place here.
You see here an arrow.
You hit the salamander but do no damage.
The salamander is moderately wounded.
The salamander hits you but does no damage. x2
You hit the salamander but do no damage.
The salamander is moderately wounded.
The salamander completely misses you.
You closely miss the salamander.
The salamander is moderately wounded.
The salamander hits you but does no damage.
The salamander unwields an uncursed shortbow of flaming.
It stops flaming.
The salamander hits you but does no damage.
The salamander completely misses you.
Your fire dragon scales prevents you from hitting the salamander.
The salamander is moderately wounded.
The salamander hits you from afar with an enchanted glaive!
You die...

#.(..8#
#.)...#
#(....#
#.(..8#
#((...#
#..((.#
#8NN.8#
##NN(##
##@##
###


You could see 4 salamanders.

Vanquished Creatures
  A red draconian (Volcano)
  An ogre mage (D:9)
  A hydra (Lair:1)
  3 two-headed ogres
  A deep elf knight (D:9)
  A salamander mystic (Volcano)
  Pikel (D:9)
  2 salamanders (Volcano)
  An elephant (D:8)
  A spiny frog (Lair:1)
  A rime drake (Lair:1)
  A komodo dragon (Lair:1)
  A troll (D:9)
  9 hippogriffs
  A shadow (D:9)
  9 yaks
  A basilisk (D:8)
  The ghost of ChungusAmongUs the Shooter, an amateur CeHu (D:4)
  A vampire mosquito (D:9)
  A hungry ghost (D:7)
  A porcupine (Lair:1)
  2 hell hounds (Lair:1)
  3 orc warriors (D:7)
  3 sky beasts
  A slave (D:9)
  2 black bears
  2 ice beasts (D:10)
  3 phantoms
  4 ogres
  2 crocodiles
  8 centaurs
  A big kobold (D:8)
  4 bullfrogs
  A water moccasin skeleton (D:9)
  4 killer bees (D:7)
  15 wights
  A howler monkey (D:6)
  4 crimson imps
  3 hounds
  4 orc wizards
  2 bullfrog skeletons
  12 orc priests
  3 centaur skeletons
  A gnoll shaman (D:7)
  3 iguanas
  6 worker ants
  2 hound skeletons (D:10)
  A worker ant zombie (D:6)
  8 gnolls
  11 adders
  A shadow imp (D:7)
  An ooze (D:1)
  3 worms
  A dart slug (D:1)
  4 leopard geckos
  32 orcs
  A ball python (D:3)
  4 giant cockroaches
  2 gnoll zombies (D:2)
  8 goblins
  7 hobgoblins
  12 jackals
  7 quokkas
  10 bats
  10 frilled lizards
  12 kobolds
  A quokka zombie (D:6)
  4 rats
276 creatures vanquished.

Vanquished Creatures (others)
  3 slaves (D:9)
3 creatures vanquished.

Grand Total: 279 creatures vanquished

Notes
Turn   | Place    | Note
-------+----------+-------------------------------------------
     0 | D:1      | sking99 the Gargoyle Earth Elementalist began the quest for the Orb.
     0 | D:1      | Reached XP level 1. HP: 10/10 MP: 3/3
   143 | D:1      | Reached XP level 2. HP: 15/15 MP: 1/5
   144 | D:1      | Reached skill level 4 in Earth Magic
   332 | D:1      | Reached XP level 3. HP: 19/19 MP: 1/7
   994 | D:2      | Reached XP level 4. HP: 23/24 MP: 6/8
  1073 | D:2      | Reached skill level 5 in Earth Magic
  1085 | D:2      | Learned a level 3 spell: Stone Arrow
  1370 | D:2      | Noticed a bullfrog
  1375 | D:2      | Killed a bullfrog
  1375 | D:2      | Reached skill level 1 in Conjurations
  1375 | D:2      | Reached XP level 5. HP: 14/28 MP: 4/10
  1725 | D:2      | Found a basalt altar of Yredelemnul.
  1879 | D:3      | Found a shimmering altar of Xom.
  2103 | D:3      | Learned a level 5 spell: Lee's Rapid Deconstruction
  2106 | D:3      | Learned a level 2 spell: Passwall
  2197 | D:3      | Found a shimmering altar of Xom.
  2198 | D:3      | Found a shimmering altar of Xom.
  2198 | D:3      | Found a shimmering altar of Xom.
  2210 | D:3      | Found a shimmering altar of Xom.
  2210 | D:3      | Found a shimmering altar of Xom.
  2229 | D:3      | Found a shimmering altar of Xom.
  2845 | D:4      | Found a deep blue altar of Sif Muna.
  2847 | D:4      | Reached XP level 6. HP: 33/33 MP: 4/11
  2911 | D:4      | Became a worshipper of Sif Muna the Loreminder
  2996 | D:4      | Reached skill level 1 in Fighting
  3191 | D:4      | Found a hazy altar of Hepliaklqana.
  3201 | D:4      | Noticed ChungusAmongUs's ghost (amateur CeHu)
  3274 | D:4      | Killed ChungusAmongUs's ghost
  3274 | D:4      | Reached skill level 6 in Earth Magic
  3274 | D:4      | Reached XP level 7. HP: 40/40 MP: 0/13
  3756 | D:4      | Found Ginn's Food Boutique.
  3826 | D:5      | Entered Level 5 of the Dungeon
  3897 | D:5      | Found Zeusch's Book Boutique.
  4049 | D:5      | Found a staircase to the Ecumenical Temple.
  4377 | D:5      | Reached * piety under Sif Muna
  4728 | D:6      | Reached skill level 7 in Earth Magic
  4837 | D:6      | Noticed a hippogriff
  4844 | D:6      | Killed a hippogriff
  4844 | D:6      | Reached skill level 5 in Spellcasting
  4844 | D:6      | Reached XP level 8. HP: 30/48 MP: 3/15
  5233 | D:6      | Reached skill level 5 in Fighting
  5233 | D:6      | Reached skill level 8 in Earth Magic
  6056 | D:6      | Found a shimmering altar of Xom.
  6108 | D:6      | Reached XP level 9. HP: 48/57 MP: 3/16
  6942 | D:7      | Reached skill level 1 in Armour
  7065 | D:7      | Reached ** piety under Sif Muna
  7368 | D:7      | Reached skill level 9 in Earth Magic
  7576 | D:7      | Reached XP level 10. HP: 66/66 MP: 0/19
  8099 | D:8      | Noticed a two-headed ogre
  8116 | D:8      | Killed a two-headed ogre
  8116 | D:8      | Reached skill level 5 in Armour
  8260 | D:8      | Found a white marble altar of Elyvilon.
  8262 | D:8      | Found a sacrificial altar of Ru.
  8320 | D:8      | Found a staircase to the Lair.
  8320 | D:8      | Noticed an elephant
  8328 | D:8      | Reached *** piety under Sif Muna
  8328 | D:8      | Reached skill level 10 in Earth Magic
  8343 | D:8      | Learned a level 4 spell: Petrify
  8856 | D:8      | Reached skill level 1 in Transmutations
  9003 | D:8      | Killed an elephant
  9300 | D:8      | Found a sparkling altar of Nemelex Xobeh.
  9303 | D:8      | Noticed Erica
  9444 | D:9      | Noticed Pikel
  9447 | D:9      | Killed Pikel
  9561 | D:9      | Noticed a deep elf knight
  9561 | D:9      | Noticed an ogre mage
  9569 | D:9      | Killed a deep elf knight
  9569 | D:9      | Reached **** piety under Sif Muna
  9569 | D:9      | Reached XP level 11. HP: 63/71 MP: 1/22
  9582 | D:9      | Paralysed by an ogre mage for 6 turns
  9594 | D:9      | Killed an ogre mage
 10062 | D:9      | Reached skill level 11 in Earth Magic
 10251 | D:9      | Noticed a two-headed ogre
 10381 | D:9      | Killed a two-headed ogre
 11128 | D:10     | Entered Level 10 of the Dungeon
 11171 | D:10     | Found a staircase to the Orcish Mines.
 11177 | D:10     | Noticed a two-headed ogre
 11210 | D:10     | Killed a two-headed ogre
 11450 | D:9      | HP: 3/106 [something (7)]
 11840 | D:10     | Reached ***** piety under Sif Muna
 12030 | D:10     | Found Budeoxt's Food Boutique.
 12610 | Lair:1   | Entered Level 1 of the Lair of Beasts
 12668 | Lair:1   | Reached skill level 12 in Earth Magic
 12738 | Lair:1   | Reached XP level 12. HP: 39/76 MP: 1/25
 12923 | Lair:1   | Noticed a seven-headed hydra
 12929 | Lair:1   | Killed a seven-headed hydra
 12929 | Lair:1   | Reached skill level 5 in Dodging
 13005 | Lair:1   | Found a dark tunnel.
 13015 | Volcano  | Entered a volcano
 13071 | Volcano  | Received a gift from Sif Muna
 13073 | Volcano  | Found a radiant altar of Vehumet.
 13074 | Volcano  | Noticed a red draconian
 13117 | Volcano  | HP: 3/76 [red draconian/searing blast (8)]
 13123 | Volcano  | Killed a red draconian
 13139 | Volcano  | Slain by a salamander

Skill      XL: |  1  2  3  4  5  6  7  8  9 10 11 12 |
---------------+-------------------------------------+-----
Earth Magic    | 4 5 6 7 8 9 10 12 | 12.0
Spellcasting   | 3 4 5 6 7 9 |  9.0
Conjurations   | 1 2 3 |  3.1
Fighting       | 2 4 7 9 |  9.5
Armour         | 3 6 8 |  8.4
Transmutations | 2 3 |  3.1
Dodging        | 3 6 |  6.8
Stealth        | |  2.1

Action                   |  1- 3 |  4- 6 |  7- 9 | 10-12 || total
-------------------------+-------+-------+-------+-------++-------
Melee: Dagger            |    64 |    57 |     3 |       ||   124
       Quarterstaff      |       |       |    17 |     5 ||    22
       Whip              |       |       |       |    42 ||    42
 Cast: Sandblast         |    12 |    57 |   102 |    97 ||   268
       Stone Arrow       |       |    11 |    60 |    88 ||   159
       Passwall          |       |     5 |     1 |     1 ||     7
       Lee's Rapid Decon |       |       |     2 |    37 ||    39
       Petrify           |       |       |       |     9 ||     9
Invok: Divine Energy     |       |       |     1 |       ||     1
  Use: Scroll            |       |     7 |     1 |    10 ||    18
       Potion            |       |       |       |     6 ||     6
 Stab: Sleeping          |     1 |     1 |     1 |       ||     3
       Petrified         |       |       |       |     2 ||     2
  Eat: Chunk             |       |     8 |    13 |    16 ||    37
       Ration            |       |       |     1 |     3 ||     4
Armor: Robe              |    30 |    28 |    20 |    12 ||    90
       Fire dragon scale |       |       |       |   138 ||   138
       Skin              |       |       |       |     3 ||     3
Dodge: Dodged            |    55 |    47 |    46 |   106 ||   254
